 Dungeon Crawl Stone Soup version 0.27-a0-92-g39ad13b146 (webtiles) character file.

Game seed: 853477459194576334

50 kestreltb the Chopper (level 3, 0/33 HPs)
             Began as a Minotaur Monk on Jan 16, 2021.
             Killed from afar by Terence (8 damage)
             ... with a puff of flame
             ... on level 2 of the Dungeon.
             The game lasted 00:02:54 (1368 turns).

kestreltb the Chopper (Minotaur Monk)               Turns: 1368, Time: 00:02:54

Health: 0/33       AC:  2    Str: 16    XL:     3   Next: 55%
Magic:  2/2        EV: 13    Int:  7    God:
Gold:   106        SH:  0    Dex: 12    Spells: 2/2 levels left

rFire    . . .     SeeInvis .   a - +0 hand axe
rCold    . . .     Faith    .   (no shield)
rNeg     . . .     Spirit   .   b - +0 robe
rPois    .         Reflect  .   (helmet restricted)
rElec    .         Harm     .   (no cloak)
rCorr    .         Rampage  .   (no gloves)
Will     .....                  (no boots)
Stlth    ++........             (no amulet)
HPRegen  0.11/turn              (no ring)
MPRegen  0.08/turn              (no ring)

@: no status effects
A: retaliatory headbutt, horns 2
a: no special abilities


You were on level 2 of the Dungeon.
You visited 1 branch of the dungeon, and saw 2 of its levels.

You collected 106 gold pieces.

Inventory:

Hand Weapons
 a - a +0 hand axe (weapon)
Armour
 b - a +0 robe (worn)
Scrolls
 d - a scroll of remove curse {unknown}
 f - a scroll of teleportation {unknown}
Potions
 c - 5 potions of heal wounds {unknown}
 e - a potion of flight {unknown}
 g - a potion of ambrosia {unknown}
 h - a potion of mutation {unknown}


   Skills:
 + Level 4.0 Fighting
 + Level 4.4 Axes
 + Level 4.0 Dodging
 + Level 1.7 Stealth


You had 2 spell levels left.
You didn't know any spells.
Your spell library was empty.

Dungeon Overview and Level Annotations

Branches:
Dungeon (2/15)

Altars:

Annotations:
D:2 Terence


Innate Abilities, Weirdness & Mutations

You reflexively headbutt those who attack you in melee.
You have a pair of horns on your head.


Message History

Terence zaps a wand.
The puff of flame hits you!
Terence zaps a wand.
The puff of flame hits you!
You see here 19 stones.
A frilled lizard and a bat come into view.
The frilled lizard hisses angrily.
Terence zaps a wand.
The puff of flame misses you. The bat hits you but does no damage.
The bat hits you.
There is an open door here.
The bat misses you. The bat hits you but does no damage. The bat misses you.
The bat closely misses you. You furiously retaliate!
You headbutt the bat!
You kill the bat!
Terence says, "Did you write a will?
You should..."
Terence zaps a wand.
The puff of flame hits you. Terence shouts, "Now you die!"
Terence zaps a wand.
The puff of flame hits you!
* * * LOW HITPOINT WARNING * * *
Terence zaps a wand.
The puff of flame hits you!
You die...

#l......###....†### .....
.#.##.##@#...@.†.@.# ...# ..
#..#.#.#######.# #..#
#.##(.#.#'## #.# #..#
#.......@..# #.# #..#
#.##.#.....# #@####..##### ..
#.#.....# #...........# .#
#.#.....###########@.###.#
.#.##.#.....#...@.......>###'###
......#.....#.##########.......#
#######.....#.# #.......#
#######.# #.......# #.#
#####.### #.# ###.# #.#
########...# #.# #..........#
#.#####.######...####


You could see Terence.

Vanquished Creatures
  An adder (D:2)
  A dart slug (D:1)
  2 leopard geckos
  7 bats
  5 goblins (D:1)
  4 hobgoblins
  3 jackals (D:1)
  4 kobolds (D:1)
  A ball python (D:1)
  5 frilled lizards (D:1)
  3 rats
36 creatures vanquished.

Notes
Turn   | Place    | Note
-------+----------+-------------------------------------------
     0 | D:1      | kestreltb the Minotaur Monk began the quest for the Orb.
     0 | D:1      | Reached XP level 1. HP: 19/19 MP: 0/0
    53 | D:1      | Reached XP level 2. HP: 4/27 MP: 1/1
   885 | D:1      | Reached XP level 3. HP: 33/33 MP: 2/2
  1327 | D:2      | Noticed Terence
  1368 | D:2      | Killed from afar by Terence

Illustrated notes

Levels and vault maps discovered:
D:1:      minmay_arrival_hallway, layout_loops_ring
D:2:      layout_basic, chequers_ecumenical_altar_simple, minmay_diced_spiral,
          uniq_terence

Skill      XL: |  1  2  3 |
---------------+----------+-----
Axes           | 4 |  4.4
Fighting       | 4 |  4.0
Dodging        | 4 |  4.0
Stealth        | |  1.7

Action                   || total
-------------------------++-------
Melee: Hand axe          ||    77
       Headbutt          ||    12
 Stab: Distracted        ||     1
       Sleeping          ||     3
Armor: Robe              ||     9
Dodge: Dodged            ||    61

Table legend: (Time is in decaauts)
 A = Elapsed time spent in this place.
 B = Non-inter-level travel time spent in this place.
 C = Inter-level travel time spent in this place.
 D = Time resting spent in this place.
 E = Time spent auto-exploring this place.
 F = Levels seen in this place.
 G = Mean time per level.
                   A        B        C        D        E       F      G
               +--------+--------+--------+--------+--------+-----+--------+
         Total |   1375 |   1292 |     83 |    241 |    675 |   2 |  687.5 |
       Dungeon |   1375 |   1292 |     83 |    241 |    675 |   2 |  687.5 |
               +--------+--------+--------+--------+--------+-----+--------+

Top non-repeatable levels by time:
     D:1: 1195 daAuts
     D:2: 179 daAuts
